 Dungeon Crawl Stone Soup version 0.28-a0-1212-gc6b4282bc0 (webtiles) character file.

Game seed: 11427464080990765082

2793 Grim the Fencer (level 9, -3/105 HPs)
             Began as a Minotaur Berserker on Dec 21, 2021.
             Was an Elder of Trog.
             Slain by a basilisk (7 damage)
             ... on level 8 of the Dungeon.
             The game lasted 00:13:46 (8749 turns).

Grim the Fencer (Minotaur Berserker)                Turns: 8749, Time: 00:13:47

Health: -3/105     AC:  9    Str: 21    XL:     9   Next: 43%
Magic:  8/8        EV:  8    Int:  8    God:    Trog [****..]
Gold:   300        SH:  0    Dex: 11    Spells: 8/8 levels left

rFire   . . .      SeeInvis .   a - +0 falchion
rCold   . . .      Faith    .   (no shield)
rNeg    + . .      Spirit   .   h - +0 chain mail
rPois   +          Reflect  .   (helmet restricted)
rElec   .          Harm     .   (no cloak)
rCorr   .          Rampage  .   r - +0 pair of gloves
Will    .....                   (no boots)
Stlth   ..........              (no amulet)
HPRegen 0.27/turn               l - ring of positive energy
MPRegen 0.11/turn               m - ring of poison resistance

@: berserking, very quick
A: horns 2, retaliatory headbutt
a: Renounce Religion, Berserk, Trog's Hand, Brothers in Arms


You were on level 8 of the Dungeon.
You worshipped Trog.
Trog was greatly pleased with you.
You visited 1 branch of the dungeon, and saw 8 of its levels.
You also visited: Sewer.

You collected 300 gold pieces.

Inventory:

Hand Weapons
 a - a +0 falchion (weapon)
Missiles
 b - a throwing net (quivered)
Armour
 h - a +0 chain mail (worn)
 r - a +0 pair of gloves (worn)
Jewellery
 l - a ring of positive energy (left hand)
 m - a ring of poison resistance (right hand)
Wands
 d - a wand of paralysis (11)
 o - a wand of digging (1)
 A - a wand of mindburst (7)
 C - a wand of acid (12)
Scrolls
 f - 3 scrolls of silence {unknown}
 g - 3 scrolls of teleportation {unknown}
 j - a scroll of holy word {unknown}
 k - a scroll of enchant armour {unknown}
 n - 3 scrolls of immolation {unknown}
 s - 3 scrolls of vulnerability {unknown}
 y - a scroll of summoning {unknown}
 z - 4 scrolls of fog {unknown}
 D - a scroll of magic mapping {unknown}
 E - 4 scrolls of identify
 F - a scroll of blinking {unknown}
 H - a scroll of noise {unknown}
 I - a scroll of acquirement {unknown}
Potions
 c - a potion of attraction
 e - 2 potions of cancellation
 i - 3 potions of haste
 p - a potion of lignification
 q - 2 potions of curing
 t - 3 potions of magic
 u - 3 potions of resistance {unknown}
 v - 3 potions of heal wounds {unknown}
 w - a potion of mutation {unknown}
 x - 3 potions of invisibility
 B - a potion of might {unknown}
 G - a potion of flight {unknown}


   Skills:
 - Level 3.6 Fighting
 + Level 15.6 Long Blades
 - Level 2.4 Armour
 - Level 2.1 Dodging


You had 8 spell levels left.
You didn't know any spells.
Your spell library was empty.

Dungeon Overview and Level Annotations

Branches:
Dungeon (8/15)             Temple (0/1) D:7           Sewer (visited)
   Lair: D:8-11

Altars:
Elyvilon
Gozag
Makhleb
Trog
Wu Jian
Zin

Shops:
D:5 ?   D:6 (


Innate Abilities, Weirdness & Mutations

You have a pair of horns on your head.
You reflexively headbutt those who attack you in melee.


Message History

a +0 club; 5 poisoned darts; a +0 short sword
Things that are here:
a +0 whip; 19 sling bullets; a stone
There is a stone staircase leading up, spattered with blood here.
The basilisk gazes at you.
You are slowing down.
Your limbs are stiffening.
You have turned to stone.
The wyvern hisses menacingly.
The basilisk bites you. The wyvern bites you! The basilisk bites you.
The wyvern bites you! x2
The basilisk gazes at you. You resist with some effort. The wyvern bites you!
The basilisk bites you.
The wyvern bites you but does no damage. x2
The basilisk bites you!
* * * LOW HITPOINT WARNING * * *
The wyvern bites you!
* * * LOW HITPOINT WARNING * * *
The basilisk bites you.
* * * LOW HITPOINT WARNING * * *
The wyvern bites you.
* * * LOW HITPOINT WARNING * * *
The wyvern bites you!
* * * LOW HITPOINT WARNING * * *
The basilisk bites you!
* * * LOW HITPOINT WARNING * * *
The wyvern bites you!
* * * LOW HITPOINT WARNING * * *
The basilisk gazes at you. You resist with some effort.
You turn to flesh and can move again.
A red film seems to cover your vision as you go berserk!
You feel yourself moving faster!
You feel mighty! The wyvern bites you!
* * * LOW HITPOINT WARNING * * *
The wyvern bites you!
* * * LOW HITPOINT WARNING * * *
The basilisk bites you!
You die...

##.............## #
#####...............#
.##...#...............#
......................#
.......†<.............#
.........[............#
........(.............#
.......#.......l.....#
..#...###...†(.l@...##
#.##### ####.))######
#.## #.#.# #..# #.#.#
...###### #†#.#
#.......####l#.#
##.####.....l#.# #.#
####..##.# #.#
#.)......


You could see a basilisk and a wyvern.

Vanquished Creatures
  Pikel (D:4)
  2 water moccasins (D:8)
  A black bear (D:5)
  An ice beast (D:8)
  2 ogres
  2 kobold brigands
  2 bullfrogs (D:7)
  3 scorpions
  A water moccasin zombie (D:6)
  A water moccasin skeleton (D:6)
  9 killer bees
  A jelly (D:8)
  An orc priest (D:6)
  A gnoll shaman (D:6)
  2 hounds
  4 iguanas
  4 orc wizards
  Robin (D:4)
  8 gnolls
  11 adders
  A howler monkey skeleton (D:5)
  3 river rats (Sewer)
  2 white imps
  An adder skeleton (D:4)
  4 worms
  2 dart slugs
  15 orcs
  9 endoplasms
  6 giant cockroaches
  18 goblins
  7 hobgoblins
  3 jackals (D:3)
  31 kobolds
  3 quokkas
  11 ball pythons
  3 bats
  A frilled lizard (D:2)
  26 rats
204 creatures vanquished.

Vanquished Creatures (collateral kills)
  An orc warrior (D:7)
  An orc (D:7)
2 creatures vanquished.

Vanquished Creatures (others)
  3 bushes (D:8)
  5 fungi (D:8)
  23 plants (D:8)
31 creatures vanquished.

Grand Total: 237 creatures vanquished

Notes
Turn   | Place    | Note
-------+----------+-------------------------------------------
     0 | D:1      | Grim the Minotaur Berserker began the quest for the Orb.
     0 | D:1      | Reached XP level 1. HP: 19/19 MP: 0/0
   108 | D:1      | Reached skill level 4 in Long Blades
   226 | D:1      | Reached XP level 2. HP: 26/26 MP: 1/1
   777 | D:2      | Reached skill level 5 in Long Blades
   942 | D:2      | Reached XP level 3. HP: 31/31 MP: 2/2
  1121 | D:2      | Found a white marble altar of Elyvilon.
  1338 | D:3      | Found a faded altar of an unknown god.
  1487 | D:3      | Reached ** piety under Trog
  1829 | D:3      | Reached skill level 6 in Long Blades
  1829 | D:3      | Reached XP level 4. HP: 39/39 MP: 3/3
  2541 | D:4      | Noticed an ogre
  2546 | D:4      | Killed an ogre
  2547 | D:4      | Reached skill level 7 in Long Blades
  2547 | D:4      | Reached XP level 5. HP: 45/45 MP: 4/4
  2613 | D:4      | Found an opulent altar of Gozag.
  2635 | D:4      | Noticed Robin
  2663 | D:4      | Killed Robin
  2782 | D:4      | Noticed a lemure
  2782 | D:4      | Noticed Pikel
  2784 | D:4      | Noticed a lemure
  2789 | D:4      | Noticed a lemure
  2791 | D:4      | Noticed a lemure
  2793 | D:4      | Killed Pikel
  2794 | D:4      | Reached skill level 10 in Long Blades
  2794 | D:4      | Reached XP level 6. HP: 51/51 MP: 5/5
  2794 | D:4      | Reached XP level 7. HP: 57/57 MP: 6/6
  3159 | D:4      | Paralysed by a kobold for 3 turns
  3326 | D:4      | Found a bloodstained altar of Trog.
  3397 | D:4      | Found a glowing silver altar of Zin.
  3465 | D:5      | Entered Level 5 of the Dungeon
  3529 | D:5      | Reached skill level 11 in Long Blades
  3568 | D:5      | Reached *** piety under Trog
  3761 | D:5      | Found Luoch's Magic Scroll Boutique.
  3804 | D:5      | Found a glowing drain.
  3815 | Sewer    | Entered a sewer
  3997 | Sewer    | Reached XP level 8. HP: 56/64 MP: 7/7
  4171 | Sewer    | Reached **** piety under Trog
  5392 | D:5      | Reached skill level 12 in Long Blades
  6782 | D:6      | Found Peguih's Antique Weapon Shoppe.
  6787 | D:6      | Reached skill level 13 in Long Blades
  7088 | D:6      | Found a burning altar of Makhleb.
  7433 | D:7      | Reached skill level 14 in Long Blades
  7441 | D:7      | Reached XP level 9. HP: 64/70 MP: 8/8
  7585 | D:7      | Found an ornate altar of the Wu Jian Council.
  7595 | D:7      | Found a white marble altar of Elyvilon.
  7634 | D:7      | Found a staircase to the Ecumenical Temple.
  8085 | D:8      | Reached skill level 15 in Long Blades
  8749 | D:8      | HP: 4/105 [wyvern (10)]
  8749 | D:8      | Slain by a basilisk

Illustrated notes

Levels and vault maps discovered:
D:1:      dpeg_arrival_erosion, layout_rooms
D:2:      layout_loops_ring, basic_altar
D:3:      layout_basic, ebering_ecumenical_altar_box, minmay_distorted
D:4:      layout_loops_cross, trog_hazing_becter,
          pdpol_temple_overflow_zin_treasury_gozag_greed, uniq_pikel, uniq_robin
D:5:      layout_layer_cave, gup_sewer_entry_bubbles, nicolae_stop_n_shop_2,
          minmay_misc_feat_five
D:6:      layout_rooms, mainiacjoe_overflow_24_doors, serial_shops,
          nicolae_shop_hallway_plus
D:7:      layout_cave_pools, amethyst_overflow_temple_binary,
          minmay_temple_entry_drinking_statues
D:8:      layout_rooms, minmay_lair_entry_grove

Skill      XL: |  1  2  3  4  5  6  7  8  9 |
---------------+----------------------------+-----
Long Blades    | 4 5 6 7 10 11 14 15 | 15.6
Fighting       | |  3.6
Armour         | |  2.4
Dodging        | |  2.1

Action                   |  1- 3 |  4- 6 |  7- 9 || total
-------------------------+-------+-------+-------++-------
Melee: Falchion          |    84 |    64 |   380 ||   528
       Headbutt          |     7 |    10 |    53 ||    70
Invok: Berserk           |       |     4 |     8 ||    12
       Trog's Hand       |       |     1 |     2 ||     3
       Brothers in Arms  |       |       |     1 ||     1
  Use: Scroll            |       |     4 |     3 ||     7
       Potion            |       |       |     3 ||     3
Armor: Animal skin       |     4 |       |       ||     4
       Chain mail        |    33 |    21 |   181 ||   235
       Skin              |       |       |    12 ||    12
Dodge: Dodged            |    28 |    15 |   138 ||   181

Table legend: (Time is in decaauts)
 A = Elapsed time spent in this place.
 B = Non-inter-level travel time spent in this place.
 C = Inter-level travel time spent in this place.
 D = Time resting spent in this place.
 E = Time spent auto-exploring this place.
 F = Levels seen in this place.
 G = Mean time per level.
                   A        B        C        D        E       F      G
               +--------+--------+--------+--------+--------+-----+--------+
         Total |   8795 |   8551 |    244 |   2231 |   4938 |   9 |  977.2 |
       Dungeon |   7920 |   7676 |    244 |   2132 |   4443 |   8 |  990.0 |
         Sewer |    875 |    875 |      0 |     99 |    494 |   1 |  875.0 |
               +--------+--------+--------+--------+--------+-----+--------+

Top non-repeatable levels by time:
     D:5: 1896 daAuts
     D:3: 1230 daAuts
     D:7: 1081 daAuts
     D:6: 1030 daAuts
     D:4: 1006 daAuts
   Sewer: 875 daAuts
     D:2: 764 daAuts
     D:1: 491 daAuts
     D:8: 418 daAuts
